 Dungeon Crawl Stone Soup version 0.31.0-1-g2c135a0 (webtiles) character file.

Game seed: 6604523693941313376

38 bonegar the Sneak (level 3, -6/28 HPs)
             Began as a Naga Enchanter on Feb 12, 2024.
             Mangled by a gnoll
             ... wielding a +0 flail of protection
              (8 damage)
             ... on level 2 of the Dungeon.
             The game lasted 00:10:20 (943 turns).

bonegar the Sneak (Naga Enchanter)                   Turns: 943, Time: 00:10:21

Health: -6/28      AC:  2    Str: 10    XL:     3   Next: 43%
Magic:  1/6        EV: 10    Int: 17    God:
Gold:   29         SH:  0    Dex: 11    Spells: 4/6 levels left

rFire   . . .        f - +1 short sword (speed)
rCold   . . .        d - orb {*channel}
rNeg    . . .        b - +0 robe
rPois   +            (no helmet)
rElec   .            (no cloak)
rCorr   .            (no gloves)
SInv    +            (no barding)
Will    .....        (no amulet)
Stlth   +++          (no ring)
HPRegen 0.24/turn    (no ring)
MPRegen 0.10/turn

%: channel magic (20%)
@: invisible, very slow
A: AC +1, large, see invisible, deformed body, poison resistance, slowness 2,
spit poison 1, naga tail 1
a: Spit Poison


You were on level 2 of the Dungeon.
You visited 1 branch of the dungeon, and saw 2 of its levels.

You collected 29 gold pieces.

Inventory:

Hand Weapons
 a - a +1 dagger
 f - a +1 short sword of speed (weapon)
Missiles
 i - 5 poisoned darts (quivered)
Armour
 b - a +0 robe (worn)
 d - an orb of energy (worn)
 e - a +0 kite shield
Scrolls
 j - a scroll of enchant armour {unknown}
Potions
 g - a potion of haste {unknown}
 h - 2 potions of might {unknown}


   Skills:
 + Level 1.3 Short Blades
 + Level 1.7 Dodging
 + Level 5.1 Stealth
 + Level 2.1 Spellcasting
 + Level 3.6 Hexes
 + Level 0.2 Ice Magic


You had 4 spell levels left.
You knew the following spells:

 Your Spells              Type           Power      Damage    Failure   Level
a - Ensorcelled Hibernat  Hex/Ice        16%        N/A       30%         2

Your spell library contained the following spells:

 Spells                   Type           Power      Damage    Failure   Level
 Confusing Touch          Hex            14%        N/A       30%         3
 Tukima's Dance           Hex            14%        N/A       30%         3
 Dazzling Flash           Conj/Hex       16%        N/A       47%         3
 Inner Flame              Hex/Fire       8%         N/A       47%         3
 Flame Wave               Conj/Fire      1%         2d4       96%         4
 Sticky Flame             Fire/Alch      1%         2d4       96%         4


Dungeon Overview and Level Annotations

Branches:
Dungeon (2/15)

Altars:


Innate Abilities, Weirdness & Mutations

Your serpentine skin is tough. (AC +1)
You have supernaturally acute eyesight. (SInv)
Armour fits poorly on your strangely shaped body.
Your system is resistant to poisons. (rPois)
You cover ground very slowly.
You can spit poison.
You have a snake-like lower body.


Message History

You hit the hobgoblin.
The hobgoblin is severely wounded.
The hobgoblin hits you.
You hit the hobgoblin.
You kill the hobgoblin!
Found 13 gold pieces.
A gnoll comes into view.
It is wielding a +0 flail of protection.
The gnoll shouts!
You hear a shout! x2
A rat comes into view.
Casting: Ensorcelled Hibernation (quite dangerous; 30% risk of failure)
Confirm with . or Enter, or press ? or * to list all spells.
Aiming: Ensorcelled Hibernation (quite dangerous; 30% risk of failure)
Press: ? - help, Shift-Dir - straight line, f - gnoll
Aim: a gnoll, wielding a +0 flail of protection (chance to affect: 50%)
The gnoll resists with some effort.
The gnoll hits you with a +0 flail of protection!
Casting: Ensorcelled Hibernation (quite dangerous; 30% risk of failure)
Confirm with . or Enter, or press ? or * to list all spells.
Aiming: Ensorcelled Hibernation (quite dangerous; 30% risk of failure)
Press: ? - help, Shift-Dir - straight line, f/p - gnoll
Aim: a gnoll, wielding a +0 flail of protection (chance to affect: 50%)
The gnoll looks drowsy...
The helpless gnoll fails to defend itself.
You hit the gnoll.
The gnoll is moderately wounded.
The gnoll hits you with a +0 flail of protection!
You fade into invisibility!
The gnoll closely misses you.
Casting: Ensorcelled Hibernation (quite dangerous; 30% risk of failure)
Confirm with . or Enter, or press ? or * to list all spells.
You don't have enough magic to cast this spell.
You hit the gnoll but do no damage.
The gnoll is moderately wounded.
You barely miss the gnoll.
The gnoll is moderately wounded.
The gnoll hits you with a +0 flail of protection!
* * * LOW HITPOINT WARNING * * *
The gnoll barely misses you.
The gnoll hits you with a +0 flail of protection!
You die...

#.....$...
#........
###.......
........
#....w#
#$....#.######
#.....#...r$.#
#.....######g#
#.......††.@.#
######.#######
#.# .. #.#
.##..
###.##.....
#.....#
#.....#
#####.....#
..........#


You could see a gnoll (unable to see you).

Vanquished Creatures
  A dart slug (D:1)
  A ribbon worm (D:2)
  5 ball pythons (D:1)
  4 endoplasms
  A giant cockroach (D:1)
  2 hobgoblins
  3 jackals (D:1)
  6 kobolds (D:1)
  2 quokkas (D:1)
  2 bats
  3 frilled lizards
  A rat (D:1)
31 creatures vanquished.

Notes
Turn   | Place    | Note
-------+----------+-------------------------------------------
     0 | D:1      | bonegar the Naga Enchanter began the quest for the Orb.
     0 | D:1      | Reached XP level 1. HP: 15/15 MP: 3/3
    51 | D:1      | Reached XP level 2. HP: 14/22 MP: 5/5
   159 | D:1      | Learned a level 2 spell: Ensorcelled Hibernation
   406 | D:1      | HP: 1/22 [endoplasm (2)]
   652 | D:1      | Reached XP level 3. HP: 28/28 MP: 3/6
   665 | D:1      | Reached skill level 5 in Stealth
   943 | D:2      | Mangled by a gnoll

Illustrated notes

Levels and vault maps discovered:
D:1:      dpeg_arrival_court, layout_rooms,
          wander_ebering_terrifying_dragon_lair
D:2:      layout_basic, serial_shops, shop, uniq_jessica

Skill      XL: |  1  2  3 |
---------------+----------+-----
Stealth        | 5 |  5.1
Short Blades   | |  1.3
Dodging        | |  1.7
Spellcasting   | |  2.1
Hexes          | |  3.6
Ice Magic      | |  0.2

Action                     || total
---------------------------++-------
  Melee: Dagger            ||    68
         Short sword       ||    45
   Cast: Ensorcelled Hiber ||     8
Ability: Spit Poison       ||     1
    Use: Potion            ||     3
         Scroll            ||     1
   Stab: Sleeping          ||     9
 Armour: Robe              ||    71
  Dodge: Dodged            ||    51
